 Dungeon Crawl Stone Soup version 0.25.1-8-g42b30a86e7 (webtiles) character file.

Game seed: 6998076513574176523

88 hehateme the Skirmisher (level 4, 0/36 HPs)
             Began as a Human Fighter on Dec 14, 2020.
             Slain by a sky beast (5 damage)
             ... on level 2 of the Dungeon.
             The game lasted 00:04:57 (2470 turns).

hehateme the Skirmisher (Human Fighter)             Turns: 2470, Time: 00:04:58

Health: 0/36       AC:  8    Str: 17    XL:     4   Next: 82%
Magic:  4/4        EV:  7    Int:  8    God:
Gold:   114        SH:  9    Dex: 13    Spells: 3/3 levels left

rFire    . . .     SeeInvis .   a - +0 war axe
rCold    . . .     Gourm    .   c - +0 kite shield
rNeg     . . .     Faith    .   b - +0 scale mail
rPois    .         Spirit   .   (no helmet)
rElec    .         Reflect  .   (no cloak)
rCorr    .         Harm     .   i - +0 pair of gloves
MR       .....                  (no boots)
Stlth    ..........             (no amulet)
HPRegen  0.12/turn              (no ring)
MPRegen  0.09/turn              (no ring)

@: mighty
A: no striking features
a: no special abilities


You were on level 2 of the Dungeon.
You were hungry.

You visited 1 branch of the dungeon, and saw 2 of its levels.

You collected 114 gold pieces.

Inventory:

Hand Weapons
 a - a +0 war axe (weapon)
 e - a +1 whip of electrocution
   (You found it on level 1 of the Dungeon)
Armour
 b - a +0 scale mail (worn)
 c - a +0 kite shield (worn)
 i - a +0 pair of gloves (worn)
   (You found it on level 1 of the Dungeon)
 k - a +0 pair of gloves
   (You found it on level 1 of the Dungeon)
Scrolls
 g - 3 scrolls of identify {unknown}
 h - 2 scrolls of amnesia {unknown}
 j - a scroll of teleportation {unknown}
Potions
 f - a potion of heal wounds {unknown}
 l - 2 potions of flight {unknown}
 m - a potion of degeneration {unknown}
 o - a potion of curing {unknown}
Comestibles
 n - a ration


   Skills:
 + Level 3.6 Fighting
 + Level 2.8 Axes
 + Level 3.6 Armour
 + Level 3.6 Shields


You had 3 spell levels left.
You didn't know any spells.
Your spell library was empty.

Dungeon Overview and Level Annotations

Branches:
Dungeon (2/15)

Altars:
Cheibriados


Message History

You climb upwards.
There is a stone staircase leading down here.
Some of the chunks of flesh in your inventory have rotted away.
There is a stone staircase leading down here.
You climb downwards.
There is a stone staircase leading up here.
All of the chunks of flesh in your inventory have rotted away.
There is an escape hatch in the floor here.
You see here 10 stones.
A dart slug comes into view.
The dart slug bites you but does no damage.
You see here a purple potion.
You hit the dart slug but do no damage. You slash the dart slug!
You kill the dart slug!
No target in view!
No target in view!
f - a purple potion
n - a ration You now have 114 gold pieces (gained 10).
There is a stone staircase leading down here.
Found an escape hatch in the ceiling.
There is an escape hatch in the ceiling here.
You see here 17 stones.
o - a smoky red potion You are feeling hungry.
You see here a robe.
The sky beast closely misses you.
The sky beast is too close now for your liking.
You closely miss the sky beast.
The sky beast flickers out of sight!
Deactivating autopickup; reactivate with Ctrl-A.
Something hits you but does no damage. x2
No target in view!
No target in view!
There is a strange disturbance nearby!
There is a strange disturbance nearby!
You barely miss something. Something hits you. Something shocks you.
You take 6 damage, and have 30/36 hp.
You barely miss something.
A sky beast appears from thin air!
Reactivating autopickup.
The sky beast hits you but does no damage. x2
You hit the sky beast.
The sky beast flickers out of sight!
Deactivating autopickup; reactivate with Ctrl-A.
Something hits you but does no damage.
You miss something. Something hits you but does no damage.
You block something's attack.
You barely miss something.
A sky beast appears from thin air!
Reactivating autopickup.
The sky beast completely misses you.
You closely miss the sky beast.
The sky beast hits you but does no damage. x2
You closely miss the sky beast.
The sky beast hits you but does no damage.
You barely miss the sky beast. The sky beast barely misses you.
The sky beast hits you but does no damage.
You closely miss the sky beast. You block the sky beast's attack.
You hit the sky beast. You block the sky beast's attack.
You hit the sky beast. You block the sky beast's attack. x2
Your shield and scale mail prevent you from hitting the sky beast.
The sky beast hits you but does no damage.
You closely miss the sky beast. You block the sky beast's attack. x2
You miss the sky beast. The sky beast hits you. The sky beast shocks you.
You take 7 damage, and have 25/36 hp.
You hit the sky beast but do no damage. The sky beast hits you.
The sky beast shocks you.
You take 8 damage, and have 17/36 hp.
MASSIVE DAMAGE!!
You closely miss the sky beast.
The sky beast hits you but does no damage.
The sky beast barely misses you.
You slash the sky beast! You block the sky beast's attack.
Your shield and scale mail prevent you from hitting the sky beast.
You block the sky beast's attack. The sky beast barely misses you.
You barely miss the sky beast. The sky beast hits you.
The sky beast shocks you.
You take 7 damage, and have 11/36 hp.
You closely miss the sky beast.
The sky beast flickers out of sight!
Deactivating autopickup; reactivate with Ctrl-A.
Something hits you.
* * * LOW HITPOINT WARNING * * *
Something shocks you.
* * * LOW HITPOINT WARNING * * *
Something hits you but does no damage.
You take 6 damage, and have 5/36 hp.
Unknown command.
You feel very mighty all of a sudden. You block something's attack.
You closely miss something. Something hits you but does no damage.
Your scale mail prevents you from hitting something.
You block something's attack.
You miss something.
A sky beast appears from thin air!
Reactivating autopickup.
You block the sky beast's attack.
The sky beast hits you but does no damage.
You barely miss the sky beast.
The sky beast hits you but does no damage.
You hit the sky beast. The sky beast hits you.
* * * LOW HITPOINT WARNING * * *
The sky beast shocks you.
You die...

#.###.## #.....
#.##...#### #.....
#.##.#....## #.####
#.##...#.#.## #.#
#<#####.###.## #.# #)#
##...###.######.##
#.###..#.# ##........# #
#.......Y###.######..###
#######@###.## #.....
##.#.## #.####
##.#########.# #
#...........#
#############


You could see a sky beast.

Vanquished Creatures
  3 adders (D:2)
  An ooze (D:1)
  2 worms (D:2)
  4 dart slugs (D:2)
  2 leopard geckos
  2 ball pythons
  3 bats
  3 giant cockroaches
  5 goblins
  4 hobgoblins
  4 frilled lizards
  3 kobolds
  5 rats
41 creatures vanquished.

Notes
Turn   | Place    | Note
-------+----------+-------------------------------------------
     0 | D:1      | hehateme the Human Fighter began the quest for the Orb.
     0 | D:1      | Reached XP level 1. HP: 18/18 MP: 1/1
   264 | D:1      | Reached XP level 2. HP: 20/24 MP: 2/2
   481 | D:1      | Reached XP level 3. HP: 29/29 MP: 3/3
  1407 | D:2      | Reached XP level 4. HP: 35/35 MP: 4/4
  1897 | D:2      | Found a snail-covered altar of Cheibriados.
  1966 | D:2      | Noticed a sky beast
  2464 | D:2      | HP: 5/36 [something (5)]
  2470 | D:2      | HP: 5/36 [sky beast (1)]
  2470 | D:2      | Slain by a sky beast

Illustrated notes

Levels and vault maps discovered:
D:1:      tarquinn_simple_flora_water_d, layout_basic, minivault_27,
          minmay_crystal_room
D:2:      layout_loops_ring, kennysheep_slug_shrine

Action                   |  1- 3 |  4- 6 || total
-------------------------+-------+-------++-------
Melee: War axe           |   105 |    61 ||   166
  Use: Potion            |       |     1 ||     1
  Eat: Chunk             |     1 |       ||     1
       Ration            |       |     1 ||     1
Armor: Scale mail        |    55 |    32 ||    87
Dodge: Dodged            |    26 |    13 ||    39
Block: Kite shield       |    59 |    27 ||    86

Levels and vault maps discovered:
D:1:      tarquinn_simple_flora_water_d, layout_basic, minivault_27,
          minmay_crystal_room
D:2:      layout_loops_ring, kennysheep_slug_shrine

Table legend:
 A = Turns spent in this place as a percentage of turns spent in the entire game.
 B = Non-inter-level travel turns spent in this place as a percentage of non-inter-level travel turns spent in the entire game.
 C = Inter-level travel turns spent in this place as a percentage of turns spent in this place.
 D = Turns resting spent in this place as a percentage of non-inter-level travel turns spent in this place.
 E = Turns spent auto-exploring this place as a percentage of non-inter-level travel turns spent in this place.
 F = Non-inter-level travel turns spent in this place divided by the number of levels of this place that you've seen.
                   A       B       C       D       E      F
               +-------+-------+-------+-------+-------+----------------------
         Total | 100.0 | 100.0 |   7.5 |  19.8 |  53.9 | 1142.5
       Dungeon | 100.0 | 100.0 |   7.5 |  19.8 |  53.9 | 1142.5
               +-------+-------+-------+-------+-------+----------------------

Table legend:
 A = Kills in this place as a percentage of kills in entire the game.
 B = Kills by you in this place as a percentage of kills by you in the entire game.
 C = Kills by friends in this place as a percentage of kills by friends in the entire game.
 D = Other kills in this place as a percentage of other kills in the entire game.
 E = Experience gained in this place as a percentage of experience gained in the entire game.
 F = Experience gained in this place divided by the number of levels of this place that you have seen.
                   A       B       C       D       E      F
               +-------+-------+-------+-------+-------+----------------------
         Total | 100.0 | 100.0 |   N/A |   N/A | 100.0 |  63.5
       Dungeon | 100.0 | 100.0 |   N/A |   N/A | 100.0 |  63.5
               +-------+-------+-------+-------+-------+----------------------
